Map: Romanticide LE

Players

Rogue - Winner!

  • Race: Zerg Zerg
  • Spawn Location: 5:00

soul

  • Race: Terran Terran
  • Spawn Location: 11:00

Event: StayAtHome Story Cup #3

VOD

Have the link to the VOD?

Description

Time

  • Played on: March 12, 2021, 8:15 a.m.
  • Length: 19:12

All games in this series

Show
View Real Time Build Order
Export as new Build Order

Rogue Zerg - Winner!

Build Orders: Hatch First, Muta Ling Bane 

Get SALT Encoding   

  12  0:01  Drone  
  13  0:12  Overlord  
  13  0:16  Drone  
  14  0:31  Drone x2  
  16  0:48  Hatchery  
  15  0:50  Drone  
  15  0:54  Drone  
  15  0:57  Drone  
  18  1:08  Extractor  
  17  1:12  Spawning Pool  
  17  1:15  Drone  
  17  1:19  Drone  
  18  1:28  Drone  
  19  1:38  Drone  
  20  1:50  Drone  
  21  2:00  Queen x2  
  26  2:01  Zergling x4  
  27  2:11  Overlord  
  27  2:12  Drone  
  28  2:21  Hatchery  
  27  2:23  Drone  
  28  2:34  Drone x3  
  31  2:39  Queen  
  33  2:44  Metabolic Boost  
  33  2:49  Overlord  
  33  2:51  Drone  
  34  2:54  Drone  
  34  2:56  Drone  
  36  3:09  Drone  
  36  3:10  Drone x4  
  41  3:16  Queen  
  41  3:18  Overlord  
  41  3:19  Drone  
  44  3:32  Queen  
  44  3:33  Drone x3  
  49  3:37  Drone  
  50  3:41  Queen  
  50  3:42  Drone x2  
  50  3:46  Overlord  
  50  3:48  Drone x3  
  57  3:50  Drone  
  57  3:53  Overlord  
  58  4:03  Baneling Nest  
  58  4:04  Overlord  
  58  4:05  Drone x5  
  62  4:10  Queen  
  64  4:17  Drone x5  
  64  4:21  Overlord  
  69  4:26  Drone x4  
  69  4:31  Lair  
  73  4:34  Extractor  
  73  4:36  Extractor x4  
  73  4:37  Drone x3  
  71  4:41  Drone x5  
  76  4:51  Drone x5  
  81  4:57  Hatchery  
  81  4:58  Drone x4  
  84  5:05  Evolution Chamber  
  83  5:07  Drone, Evolution Chamber  
  83  5:09  Zergling x2  
  83  5:10  Zergling x2  
  83  5:13  Overlord  
  85  5:18  Zergling x4  
  87  5:24  Zergling x2  
  87  5:25  Zergling x4  
  90  5:32  Centrifical Hooks, Zerg Ground Armor Level 1, Zerg Melee Weapons Level 1  
  90  5:35  Hatchery  
  89  5:38  Zergling x12  
  89  5:41  Baneling x5  
  95  5:44  Zergling x2  
  95  5:45  Zergling x4  
  95  5:48  Baneling x3  
  97  5:53  Overlord  
  98  5:57  Spire  
  98  6:01  Overlord  
  98  6:04  Hatchery  
  96  6:07  Overlord  
  96  6:17  Zergling x16  
  103  6:21  Zergling x4  
  103  6:23  Zergling x8  
  100  6:26  Zergling x2  
  100  6:27  Baneling x2  
  100  6:28  Baneling x3  
  100  6:30  Zergling x8  
  105  6:34  Zergling x4  
  105  6:36  Zergling x2  
  108  6:41  Zergling x4  
  108  6:46  Zergling x12  
  116  6:49  Zergling x2  
  116  6:50  Zergling x2  
  118  6:55  Overlord x3  
  118  7:04  Drone  
  118  7:05  Overlord  
  119  7:13  Mutalisk x3  
  123  7:18  Mutalisk x6  
  135  7:23  Mutalisk  
  135  7:24  Mutalisk  
  135  7:27  Mutalisk  
  135  7:28  Mutalisk  
  143  7:32  Mutalisk x3  
  143  7:35  Hatchery  
  143  7:36  Drone x5  
  152  7:41  Zerg Flyer Weapons Level 1  
  152  7:46  Zergling x2  
  152  7:47  Zergling x8  
  153  7:57  Drone  
  146  7:58  Drone x6  
  146  7:59  Drone x5  
  153  8:06  Mutalisk  
  153  8:07  Mutalisk  
  153  8:10  Overlord x3  
  155  8:13  Extractor  
  155  8:14  Pneumatized Carapace  
  155  8:19  Zerg Ground Armor Level 2, Zerg Melee Weapons Level 2  
  154  8:28  Drone x5  
  154  8:33  Mutalisk x2  
  163  8:37  Mutalisk  
  163  8:39  Zergling x8  
  169  8:43  Drone x3  
  169  8:44  Hatchery  
  171  8:48  Baneling x4  
  171  8:49  Baneling x2  
  171  8:51  Overseer  
  171  8:53  Zergling x2  
  157  8:58  Drone x2  
  157  8:59  Drone x10  
  167  9:04  Zergling x12  
  171  9:11  Mutalisk x3  
  171  9:16  Mutalisk  
  171  9:17  Mutalisk  
  177  9:18  Zergling x10  
  177  9:22  Extractor  
  184  9:32  Overseer x3  
  184  9:36  Zergling x6, Overlord  
  187  9:40  Infestation Pit  
  187  9:41  Overlord  
  186  9:46  Zergling x2  
  186  9:51  Spore Crawler  
  186  9:52  Overlord  
  184  10:03  Zergling x24  
  184  10:04  Baneling x12  
  184  10:05  Zergling x6  
  199  10:07  Zerg Flyer Weapons Level 2  
  199  10:13  Hatchery, Zergling x2  
  199  10:14  Baneling x10  
  199  10:34  Hive  
  196  10:50  Zergling x6  
  196  10:51  Zergling x2  
  200  11:03  Hatchery  
  200  11:04  Zergling x2  
  198  11:09  Zergling x2  
  194  11:11  Zergling x8  
  194  11:14  Zergling x6  
  194  11:15  Zergling x2  
  194  11:16  Zergling x2  
  200  11:23  Zergling x2  
  193  11:26  Zergling x2  
  193  11:27  Zergling x12  
  193  11:29  Zergling x2  
  193  11:31  Zergling x2  
  199  11:36  Zergling x2  
  199  11:38  Zergling x2  
  198  11:42  Zergling x2  
  198  11:43  Baneling  
  198  11:44  Baneling x12  
  199  11:50  Zergling x2  
  192  11:54  Adrenal Glands  
  192  11:57  Ultralisk Cavern, Zerg Melee Weapons Level 3, Zerg Ground Armor Level 3  
  192  11:59  Drone x2  
  192  12:00  Drone, Zergling x12  
  192  12:01  Zergling x2  
  200  12:05  Zergling x2  
  200  12:06  Baneling x17  
  200  12:08  Zergling x2  
  195  12:09  Zergling x2  
  195  12:10  Burrow  
  196  12:20  Zergling x4  
  196  12:21  Zergling x2  
  199  12:23  Zergling x2, Zerg Flyer Armor Level 1  
  199  12:31  Zergling x2  
  192  12:40  Mutalisk x5  
  192  12:42  Zergling x2  
  199  12:47  Zergling x2  
  199  12:53  Zergling x2  
  199  12:55  Zergling x2  
  199  12:56  Zergling x4  
  199  12:58  Zergling x2  
  195  13:01  Chitinous Plating  
  195  13:02  Ultralisk  
  195  13:04  Zergling x2  
  195  13:05  Hatchery  
  190  13:06  Zergling x6  
  190  13:08  Zergling x2  
  190  13:11  Zergling x10  
  190  13:12  Baneling, Zergling x10  
  198  13:13  Baneling x4  
  198  13:15  Zergling x2  
  198  13:18  Zergling x2  
  191  13:38  Ultralisk x2  
  191  13:40  Zergling x2  
  199  13:45  Spine Crawler x2  
  199  13:46  Spore Crawler  
  195  13:49  Zergling x2  
  195  13:50  Zergling x6  
  197  14:02  Zergling x6  
  197  14:03  Baneling x9, Zergling x2  
  197  14:04  Baneling x4, Zergling x4  
  197  14:05  Baneling x10  
  197  14:06  Baneling x9  
  200  14:16  Baneling x9  
  200  14:18  Extractor, Unknown  
  200  14:19  Anabolic Synthesis  
  200  14:20  Zergling x2  
  200  14:22  Zergling x2  
  200  14:35  Baneling  
  200  14:36  Zergling x4  
  200  14:52  Zerg Flyer Weapons Level 3  
  183  15:01  Ultralisk x3  
  183  15:03  Zergling x8  
  186  15:10  Ultralisk x2  
  186  15:11  Zergling x20  
  199  15:17  Zergling x12  
  199  15:18  Zergling x2  
  199  15:19  Zergling x2  
  199  15:20  Zergling x2  
  190  15:22  Zergling x2  
  191  15:30  Mutalisk x2  
  191  15:33  Baneling  
  191  15:34  Baneling x13  
  191  15:35  Baneling x4, Zergling x4  
  196  15:36  Zergling x6  
  196  15:39  Baneling x8  
  196  15:40  Baneling x16  
  200  15:47  Extractor  
  200  15:48  Baneling x11  
  200  15:49  Baneling x3  
  199  15:54  Zergling x2  
  200  16:07  Hatchery  
  185  16:12  Ultralisk x2  
  185  16:13  Ultralisk  
  185  16:15  Zergling x2  
  185  16:16  Zergling x14  
  180  16:23  Zergling x18  
  180  16:24  Zergling x22  
  195  16:25  Zergling x2  
  195  16:26  Zergling x10  
  185  16:33  Zergling x20  
  185  16:34  Zergling x10  
  200  16:41  Baneling x6  
  200  16:42  Baneling x9  
  200  16:51  Baneling x15  
  200  16:52  Baneling x16  
  200  16:53  Baneling x9  
  200  16:54  Baneling x10  
  200  16:55  Baneling x3  
  193  17:08  Zergling x2  
  193  17:09  Zergling x14  
  197  17:21  Zergling x20  
  197  17:24  Zergling x6  
  197  17:29  Ultralisk x2  
  198  17:31  Zergling x2  
  198  17:32  Zergling x8  
  198  17:36  Zergling x10  
  198  17:37  Zergling x6  
  199  17:48  Zergling x4  
  197  17:52  Zergling x12  
  197  17:57  Baneling  
  197  17:58  Baneling x30  
  183  17:59  Baneling x5  
  183  18:00  Zergling x2  
  183  18:01  Zergling x32  
  200  18:13  Overseer x3  
  200  18:37  Zergling x4  
  200  18:38  Zergling x6  
  179  18:49  Zergling x2  
  179  18:50  Zergling x48  
  171  19:09  Extractor  
Show
View Real Time Build Order
Export as new Build Order

soul Terran 

Build Orders: Reaper Expand 

Get SALT Encoding   

  12  0:00  SCV  
  13  0:13  SCV  
  14  0:17  Supply Depot  
  14  0:25  SCV  
  15  0:39  SCV  
  15  0:40  Barracks  
  16  0:44  Refinery  
  16  0:51  SCV  
  17  1:03  SCV  
  18  1:15  SCV  
  19  1:28  Reaper, Orbital Command  
  20  1:39  Command Center  
  20  1:49  Supply Depot  
  20  1:54  SCV  
  20  2:00  Marine  
  22  2:06  SCV  
  23  2:13  Factory  
  23  2:18  SCV  
  24  2:23  Barracks Reactor  
  24  2:33  SCV  
  24  2:36  Command Center  
  25  2:45  SCV  
  26  2:52  Orbital Command  
  26  2:57  SCV  
  27  2:58  Barracks  
  27  3:07  Hellion  
  27  3:08  Hellion  
  27  3:10  SCV  
  32  3:13  Barracks Tech Lab  
  32  3:17  SCV  
  33  3:22  SCV  
  34  3:29  Hellion  
  34  3:30  Hellion  
  34  3:31  Marine, Stimpack  
  34  3:34  SCV  
  40  3:35  SCV  
  41  3:46  SCV  
  41  3:47  SCV  
  43  3:48  Orbital Command  
  43  3:49  Refinery, Marine  
  44  3:58  SCV  
  44  3:59  Starport, SCV  
  44  4:02  Marine x2  
  47  4:05  Factory Reactor  
  47  4:09  Marine  
  48  4:10  SCV  
  48  4:11  SCV  
  48  4:14  SCV  
  52  4:20  Marine x2, Supply Depot  
  52  4:22  SCV  
  52  4:23  SCV  
  56  4:26  SCV  
  56  4:27  Marine  
  56  4:28  Supply Depot  
  58  4:34  SCV  
  58  4:35  SCV  
  58  4:38  Marine  
  61  4:39  Refinery  
  61  4:41  Marine  
  61  4:42  Refinery  
  61  4:43  Supply Depot  
  61  4:45  Orbital Command, Marine  
  63  4:46  SCV  
  63  4:48  SCV, Medivac x2  
  63  4:51  Hellion  
  71  4:56  Marine  
  71  4:58  SCV  
  71  4:59  Marine, Supply Depot  
  74  5:00  SCV  
  74  5:03  Marine  
  74  5:06  Supply Depot  
  76  5:10  SCV, Engineering Bay x2  
  76  5:13  Marine  
  78  5:15  Factory Tech Lab, Combat Shield  
  78  5:16  SCV  
  78  5:17  Marine  
  78  5:18  SCV  
  81  5:22  SCV  
  82  5:28  SCV  
  82  5:30  SCV, Barracks  
  82  5:32  Marine, Supply Depot  
  82  5:34  SCV  
  86  5:37  Starport Reactor  
  86  5:38  Supply Depot  
  86  5:39  Siege Tank  
  86  5:40  SCV  
  86  5:41  Marine  
  86  5:42  SCV  
  92  5:47  SCV  
  93  5:51  Marine  
  93  5:53  SCV  
  93  5:56  Marine  
  96  5:57  SCV  
  96  6:00  SCV  
  96  6:04  Bunker, Marine  
  99  6:05  SCV, Terran Infantry Weapons Level 1, Terran Infantry Armor Level 1  
  99  6:09  SCV  
  99  6:11  Siege Tank  
  104  6:16  Marine  
  105  6:22  Marine  
  105  6:23  SCV  
  105  6:24  Medivac x2  
  105  6:25  SCV  
  101  6:29  SCV, Barracks x2, Marine  
  101  6:30  Marine  
  101  6:31  Marine, Supply Depot  
  101  6:32  Supply Depot  
  105  6:37  SCV  
  105  6:39  Marine  
  107  6:43  Siege Tank  
  107  6:44  Armory  
  107  6:45  Factory, Marine  
  111  6:47  Marine x2  
  111  6:49  Marine  
  114  6:56  Marine, Supply Depot  
  114  6:59  Supply Depot  
  115  7:03  Command Center  
  115  7:04  Marine  
  115  7:05  Marine  
  115  7:07  Marine  
  118  7:10  Refinery  
  118  7:12  Refinery  
  120  7:15  Widow Mine  
  120  7:21  Marine  
  121  7:23  Barracks Reactor  
  121  7:24  Barracks Reactor  
  121  7:31  Widow Mine  
  121  7:34  Supply Depot  
  121  7:35  Supply Depot  
  125  7:37  Widow Mine  
  125  7:43  Barracks  
  125  7:44  Barracks  
  125  7:45  Marine x3  
  125  7:46  Marine x2  
  125  7:47  Barracks  
  125  7:48  SCV  
  128  8:00  Marine  
  128  8:03  Marine x5  
  130  8:06  Factory Reactor  
  130  8:07  Thor  
  130  8:08  Marine  
  131  8:14  Medivac  
  131  8:15  Medivac  
  131  8:17  Factory  
  131  8:18  Missile Turret  
  135  8:21  Marine x5, Missile Turret  
  135  8:25  SCV x2  
  135  8:26  Drilling Claws  
  141  8:27  Missile Turret  
  141  8:30  SCV  
  141  8:33  Missile Turret  
  142  8:39  Barracks Tech Lab x3, Marine x5  
  147  8:42  SCV  
  147  8:44  SCV  
  147  8:47  Planetary Fortress  
  149  8:50  SCV  
  149  8:53  Widow Mine  
  152  8:56  Missile Turret  
  152  8:57  Missile Turret  
  150  9:03  Marauder, Marine x4  
  150  9:05  Medivac  
  150  9:06  Medivac  
  150  9:07  Marine  
  166  9:13  Widow Mine  
  166  9:14  Factory Tech Lab  
  166  9:16  SCV x3  
  162  9:28  SCV  
  162  9:29  Command Center  
  162  9:30  SCV  
  165  9:35  Medivac  
  165  9:36  Medivac  
  169  9:39  Thor, Siege Tank  
  169  9:40  Widow Mine x2  
  169  9:42  Refinery x2, Terran Infantry Weapons Level 2  
  169  9:43  Terran Vehicle And Ship Armor Level 1  
  168  9:54  SCV x2, Marine x2  
  168  9:55  Marine  
  168  9:56  Terran Infantry Armor Level 2, Command Center  
  163  10:01  Widow Mine  
  163  10:06  Missile Turret, Supply Depot  
  171  10:07  Marauder, Supply Depot  
  171  10:08  Supply Depot  
  171  10:11  Supply Depot  
  171  10:16  SCV  
  171  10:18  SCV  
  173  10:21  Barracks Tech Lab  
  173  10:24  Barracks Tech Lab  
  173  10:26  Medivac x2  
  173  10:28  Missile Turret  
  173  10:29  Missile Turret  
  173  10:30  Sensor Tower, Missile Turret  
  173  10:34  Bunker  
  174  10:39  Command Center  
  176  10:50  Orbital Command  
  176  10:51  Supply Depot  
  176  10:52  Supply Depot  
  176  10:53  Supply Depot  
  176  10:56  Medivac x2  
  180  11:01  Siege Tank x2  
  180  11:07  Missile Turret  
  175  11:14  Marine  
  175  11:15  Marauder x2, Marine  
  169  11:23  Marine  
  169  11:24  Marauder  
  169  11:25  Marauder, Marine  
  169  11:26  SCV  
  169  11:28  Marine x4  
  169  11:32  Marine x2  
  171  11:34  Widow Mine  
  174  11:40  Marauder, Marine  
  174  11:41  SCV, Marine  
  174  11:43  Marine  
  174  11:45  Marine  
  174  11:46  SCV x3, Marine  
  180  11:53  SCV  
  179  11:58  SCV x3  
  182  12:01  Widow Mine x2  
  182  12:04  SCV  
  182  12:05  SCV  
  183  12:10  SCV x3  
  186  12:16  SCV  
  186  12:17  SCV, Orbital Command  
  186  12:22  SCV x3, Bunker  
  191  12:23  Thor  
  191  12:28  SCV  
  191  12:29  SCV  
  189  12:34  SCV x2  
  189  12:36  SCV, Thor  
  185  12:37  Sensor Tower  
  185  12:40  SCV  
  185  12:41  SCV  
  185  12:42  Barracks Tech Lab  
  185  12:44  Terran Infantry Weapons Level 3, Terran Infantry Armor Level 3  
  185  12:46  SCV x2  
  185  12:49  SCV  
  185  12:50  Orbital Command  
  187  12:52  SCV  
  187  12:54  Missile Turret  
  187  12:57  Missile Turret x2  
  164  13:06  Siege Tank  
  164  13:11  SCV x2  
  167  13:14  Widow Mine  
  167  13:19  Siege Tank  
  172  13:22  SCV x4  
  172  13:23  SCV x2, Planetary Fortress  
  178  13:34  SCV x3  
  170  13:35  Marauder x2, Marine  
  170  13:37  Marauder, Marine  
  170  13:38  Orbital Command, Marauder, Marine x4, Siege Tank  
  170  13:39  Widow Mine  
  185  13:48  Command Center  
  185  13:50  SCV x3  
  185  13:56  Marauder, Siege Tank  
  185  13:57  Marauder  
  185  13:59  Marauder  
  185  14:00  Missile Turret  
  194  14:06  Missile Turret  
  194  14:08  Bunker x2  
  194  14:09  Bunker  
  194  14:10  Command Center  
  194  14:13  Ghost Academy  
  194  14:14  Terran Vehicle Weapons Level 1  
  194  14:25  Supply Depot  
  194  14:27  Command Center  
  194  14:41  Command Center  
  194  14:42  Command Center  
  194  14:46  Marine  
  194  14:47  SCV, Siege Tank  
  199  14:54  Refinery x2, Sensor Tower  
  199  14:55  Missile Turret  
  199  14:56  Widow Mine, Sensor Tower  
  191  15:05  Bunker  
  191  15:06  Bunker  
  188  15:12  Ghost x4  
  176  15:15  SCV x3  
  176  15:18  SCV  
  176  15:21  Neosteel Armor  
  169  15:25  SCV  
  170  15:29  Sensor Tower  
  170  15:30  SCV x4  
  170  15:31  SCV, Missile Turret  
  175  15:36  Siege Tank  
  175  15:37  SCV  
  175  15:40  Ghost x4  
  175  15:42  SCV x2  
  191  15:45  Planetary Fortress  
  191  15:47  SCV  
  191  15:48  SCV  
  192  15:50  Orbital Command  
  192  15:55  SCV  
  193  15:58  Orbital Command x2  
  192  16:10  Marauder  
  179  16:13  Marine  
  179  16:14  Marine  
  179  16:15  Marauder x3, Marine  
  179  16:16  Marine x2  
  153  16:20  Marine x2  
  153  16:22  Marine  
  153  16:23  Widow Mine  
  151  16:31  Marauder, Marine  
  151  16:32  Marine  
  145  16:35  SCV x3  
  145  16:36  Marauder x3  
  155  16:41  Missile Turret  
  155  16:42  Missile Turret  
  155  16:43  Missile Turret  
  155  16:52  Marauder  
  157  16:58  SCV x2, Marauder x3, Missile Turret  
  157  17:01  Missile Turret  
  165  17:07  Planetary Fortress  
  165  17:08  Siege Tank  
  166  17:10  Marine  
  166  17:13  Siege Tank  
  166  17:14  Marauder  
  172  17:17  Marine  
  172  17:21  Marine  
  172  17:22  Marine x6  
  171  17:23  Orbital Command  
  171  17:27  Marine  
  158  17:30  Marauder, Marine  
  158  17:34  Marine  
  158  17:35  Marine  
  153  17:39  Marine  
  153  17:40  Marauder, Marine x2  
  155  17:44  Widow Mine  
  155  17:45  Widow Mine x2  
  153  17:59  Widow Mine  
  153  18:01  Marauder  
  153  18:05  Medivac  
  165  18:17  SCV x5  
  170  18:25  Siege Tank x2  
  170  18:26  Widow Mine x2  
  174  18:29  SCV x5  
  174  18:32  Sensor Tower  
  179  18:39  Marine  
  164  18:41  SCV  
  123  18:51  Marine  
  123  18:52  Marine  
Tags
 
Add a new tag
Caveats
  • Supply blocks, unpowered buildings, or Contaminate may cause inaccurate times.
  • Supply counts are checked every 10 seconds.